cohdb
Replays
Latest Replays
All Replays
Popular Replays
Top Player Replays
Match Explorer
How It Works
Community
CoH3 Stats
Reddit
Sign in to upload your games and track your stats! →
Sign in with Steam
Match 39219499
Unlisted
Match 39219499
Overview
Messages
Build Orders
End
Panzergrenadier Squad
250 Light Carrier
Construct Light Support Kompanie
Assault Grenadier Squad
Selects Armored Support Battlegroup
Panzerjäger Squad
Combat Half-tracks
Fire Support Elements
Selects Superior Fire Drills
Assault Mechanized Group
2.5-tonne Medical Truck
Construct Mechanized Kompanie
Selects Salvage Kits
Marder III Tank Destroyer
StuG III D Assault Gun
254 Reconnaissance Tractor
Marder III Tank Destroyer
Panzerpioneer Squad
MG34 Team
Selects Flammpanzer III Medium Tank
Selects Panzer Storm
Construct Panzerarmee Kommand
Armored Reserves
Selects Stuka Anti-tank Loiter
Assault Grenadier Squad
Tungsten Core Ammunition
Panzer IV Assault Group
jonafrag
519690
BIOHAZARD
[LoB]Fagio
0
0
Comments
sign in to comment!
No comments posted yet!